 Dungeon Crawl Stone Soup version 0.28-a0-851-g8b9cc49659 (webtiles) character file.

Game seed: 2763362887569180769

380 avis the Insei (level 6, -13/42 HPs)
             Began as an Octopode Transmuter on Nov 15, 2021.
             Mangled by Menkaure (17 damage)
             ... on level 4 of the Dungeon.
             The game lasted 00:15:43 (4847 turns).

avis the Insei (Octopode Transmuter)                Turns: 4847, Time: 00:15:44

Health: -13/42     AC:  2    Str: 11    XL:     6   Next: 75%
Magic:  6/9        EV: 20    Int: 16    God:
Gold:   184        SH:  0    Dex: 17    Spells: 1/9 levels left

rFire   . . .      SeeInvis .     - Unarmed
rCold   . . .      Faith    .   (shield currently unavailable)
rNeg    . . .      Spirit   .   (helmet currently unavailable)
rPois   x          Reflect  .   (no amulet)
rElec   .          Harm     .   (no ring)
rCorr   .          Rampage  .   (no ring)
Will    .....                   (no ring)
Stlth   ++........              (no ring)
HPRegen 0.14/turn               (no ring)
MPRegen 0.11/turn               (no ring)
                                (no ring)
                                (no ring)

@: spider-form
A: venomous fangs, almost no armour, (amphibious), 8 rings, tiny, (camouflage
1), (gelatinous body 1), (nimble swimmer 1), (tentacles)
a: End Transformation


You were on level 4 of the Dungeon.
You were a venomous arachnid creature.
You visited 1 branch of the dungeon, and saw 4 of its levels.

You collected 184 gold pieces.

Inventory:

Hand Weapons
 g - a +0 hunting sling
Missiles
 d - 112 stones
 i - 19 poisoned darts
 r - 15 arrows
Scrolls
 a - a scroll of amnesia {unknown}
 c - a scroll of noise {unknown}
 e - 2 scrolls of brand weapon {unknown}
 f - 3 scrolls of identify {unknown}
 h - a scroll of immolation {unknown}
 k - a scroll of fog {unknown}
 l - a scroll of enchant armour {unknown}
 m - a scroll of magic mapping {unknown}
 n - a scroll of fear {unknown}
 o - a scroll of blinking {unknown}
 q - a scroll of teleportation {unknown}
Potions
 b - a potion of berserk rage {unknown}
 j - 2 potions of magic {unknown}
 p - 2 potions of curing {unknown}
 s - a potion of attraction {unknown}


   Skills:
 - Level 3.0 Fighting
 - Level 3.0 Dodging
 - Level 2.0 Stealth
 * Level 5.2 Unarmed Combat
 - Level 2.0 Spellcasting
 - Level 3.0 Transmutations
 - Level 2.0 Poison Magic


You had one spell level left.
You knew the following spells:

 Your Spells              Type           Power      Damage    Failure   Level
a - Beastly Appendage     Tmut           22%        N/A       17%         1
p - Spider Form           Tmut/Pois      9%         N/A       43%         3
q - Ice Form              Ice/Tmut       6%         N/A       88%         4

Your spell library contained the following spells:

 Spells                   Type           Power      Damage    Failure   Level
 Slow                     Hex            4%         N/A       41%         1
 Wereblood                Tmut           11%        N/A       22%         2
 Confusing Touch          Hex            1%         N/A       73%         3
 Vampiric Draining        Necr           1%         2d6       73%         3


Dungeon Overview and Level Annotations

Branches:
Dungeon (4/15)
 Temple: D:4-7

Altars:
Cheibriados

Annotations:
D:3 Pargi
D:4 Menkaure


Innate Abilities, Weirdness & Mutations

You are a venomous arachnid creature.
You have poisonous fangs.
You are tiny and dextrous.
Your spellcasting is less reliable in this form.
Your armour is entirely melded.
You are incapable of wielding weapons or throwing items.
You cannot wear most types of armour.
((You are amphibious.))
You can wear up to eight rings at the same time.
((Your skin changes colour to match your surroundings (Stealth+).))
((Your rubbery body absorbs attacks. (AC +1, EV +1)))
((You are camouflaged near water. (Stealth+)))
((You have tentacles for arms and can constrict up to eight enemies at once.))


Message History

You start resting.
Your tentacle spike disappears.
You start resting.
HP restored.
There is an open door here.
Found a leather armour.
d - 112 stones (gained 26)
You open the door.
There is an open door here.
You now have 184 gold pieces (gained 16).
You open the door.
Menkaure, Prince of Dust comes into view.
Menkaure shouts!
Casting: Beastly Appendage (safe; 6% risk of failure)
Confirm with . or Enter, or press ? or * to list all spells.
The spell is quite dangerous to cast (22% risk of failure)!
Continue anyway?
You turn into a venomous arachnid creature.
Menkaure calls on the powers of darkness!
Your body is wracked with pain!
There is an open door here.
You bite Menkaure!
Menkaure is moderately damaged.
Menkaure closely misses you.
You hit Menkaure.
Menkaure is moderately damaged.
Menkaure completely misses you.
You hit Menkaure.
Menkaure is heavily damaged.
You barely miss Menkaure.
Menkaure is heavily damaged.
Menkaure gestures wildly while chanting.
Menkaure seems to speed up.
You hit Menkaure.
Menkaure is severely damaged.
Menkaure hits you!!
* * * LOW HITPOINT WARNING * * *
You hit Menkaure.
Menkaure is almost destroyed.
Menkaure hits you!
You die...

........#.....#
##......+.....#
########.....##+###
##......).....#....#
.......<.######....#
.........#....#....#
.).......#....+....#
..#'######...##.M..#
..#.....##...###s###
..#.....##...##....#
..#.....#.....#....#
..#.....#.....'....#
..#.....#....##....#
..#.....#....#######
..#.....+....+
..#.....##...#
..#.....##...##


You could see Menkaure (fast).

Vanquished Creatures
  An ogre (D:3)
  A centaur (D:4)
  A bullfrog (D:4)
  A hound (D:3)
  A centaur skeleton (D:4)
  3 gnolls (D:2)
  3 adders
  A worm (D:2)
  An adder skeleton (D:4)
  A dart slug (D:1)
  3 endoplasms
  3 giant cockroaches
  3 goblins
  A hobgoblin (D:3)
  3 jackals (D:2)
  A quokka (D:3)
  3 ball pythons
  2 bats
  A frilled lizard (D:1)
  2 kobolds (D:4)
  5 rats
  2 bushes (D:1)
43 creatures vanquished.

Vanquished Creatures (others)
  3 plants (D:1)
3 creatures vanquished.

Grand Total: 46 creatures vanquished

Notes
Turn   | Place    | Note
-------+----------+-------------------------------------------
     0 | D:1      | avis the Octopode Transmuter began the quest for the Orb.
     0 | D:1      | Reached XP level 1. HP: 13/13 MP: 3/3
    96 | D:1      | Found a faded altar of an unknown god.
   277 | D:1      | Reached XP level 2. HP: 16/19 MP: 3/5
  1142 | D:2      | Found a snail-covered altar of Cheibriados.
  1145 | D:2      | Reached skill level 1 in Stealth
  1974 | D:2      | Reached XP level 3. HP: 20/24 MP: 4/6
  1978 | D:2      | Learned a level 3 spell: Spider Form
  2327 | D:2      | Reached skill level 1 in Poison Magic
  2327 | D:2      | Reached XP level 4. HP: 22/29 MP: 0/7
  3165 | D:3      | Noticed Pargi
  3207 | D:3      | Noticed an ogre
  3223 | D:3      | Killed an ogre
  3224 | D:3      | Reached skill level 4 in Unarmed Combat
  3224 | D:3      | Reached XP level 5. HP: 36/36 MP: 5/8
  4361 | D:4      | Noticed a centaur
  4369 | D:4      | Reached skill level 5 in Unarmed Combat
  4369 | D:4      | Reached XP level 6. HP: 15/42 MP: 3/9
  4382 | D:4      | Learned a level 4 spell: Ice Form
  4839 | D:4      | Noticed Menkaure
  4847 | D:4      | Mangled by Menkaure

Illustrated notes

Levels and vault maps discovered:
D:1:      dpeg_arrival_central, layout_rooms,
          hellmonk_ecumenical_altar_crossroads, serial_forest,
          infiniplex_forest_end_2, infiniplex_forest_corner_1,
          infiniplex_forest_lined_corner, infiniplex_forest_clump_tiny,
          infiniplex_forest_lined_room_3, infiniplex_forest_clump_medium,
          infiniplex_forest_clump_curved
D:2:      layout_loops_ring, basic_altar
D:3:      layout_basic, uniq_pargi
D:4:      layout_gridville, minmay_temple_entry_fiery, minmay_manual_maat,
          uniq_menkaure

Skill      XL: |  1  2  3  4  5  6 |
---------------+-------------------+-----
Fighting       | 2 3 |  3.0
Stealth        | 2 |  2.0
Transmutations | 3 |  3.0
Poison Magic   | 1 2 |  2.0
Unarmed Combat | 4 5 |  5.2
Dodging        | 3 |  3.0
Spellcasting   | |  2.0

Action                   |  1- 3 |  4- 6 || total
-------------------------+-------+-------++-------
Melee: Unarmed           |   337 |    76 ||   413
       Kick              |   114 |     5 ||   119
       Constrict         |    15 |     3 ||    18
       Tentacles         |    74 |     1 ||    75
       Punch             |    11 |       ||    11
 Cast: Beastly Appendage |    35 |    13 ||    48
       Spider Form       |     1 |    12 ||    13
 Stab: Sleeping          |     4 |     8 ||    12
Armor: Skin              |     4 |     7 ||    11
Dodge: Dodged            |    20 |    60 ||    80

Table legend: (Time is in decaauts)
 A = Elapsed time spent in this place.
 B = Non-inter-level travel time spent in this place.
 C = Inter-level travel time spent in this place.
 D = Time resting spent in this place.
 E = Time spent auto-exploring this place.
 F = Levels seen in this place.
 G = Mean time per level.
                   A        B        C        D        E       F      G
               +--------+--------+--------+--------+--------+-----+--------+
         Total |   4832 |   4525 |    307 |   1281 |   2252 |   4 | 1208.0 |
       Dungeon |   4832 |   4525 |    307 |   1281 |   2252 |   4 | 1208.0 |
               +--------+--------+--------+--------+--------+-----+--------+

Top non-repeatable levels by time:
     D:1: 1453 daAuts
     D:3: 1373 daAuts
     D:2: 1280 daAuts
     D:4: 724 daAuts
